 Dungeon Crawl Stone Soup version 0.32-a0-747-gc8563f6773 (webtiles) character file.

Game seed: 6237877319844861335

164 ezpacito the Trooper (level 5, -6/41 HPs)
             Began as a Coglin Chaos Knight on Mar 17, 2024.
             Was a Plaything of Xom.
             Blown up by Ijyb (14 damage)
             ... with a mindburst bolt
             ... on level 3 of the Dungeon.
             The game lasted 00:02:51 (1489 turns).

ezpacito the Trooper (Coglin Chaos Knight)          Turns: 1489, Time: 00:02:52

Health: -6/41      AC: 18    Str: 14    XL:     5   Next: 45%
Magic:  6/6        EV:  6    Int: 11    God:    Xom [..*...]
Gold:   113        SH:  0    Dex: 14    Spells: 5/5 levels left

rFire   . . .        a - +0 hand axe (chaos) {Isabel}
rCold   . . .        k - +2 short sword (protect) {Mettia}
rNeg    . . .        d - +0 chain mail
rPois   .            (no helmet)
rElec   .            (no cloak)
rCorr   .            l - +1 pair of gloves {Stlth+}
SInv    .            (no boots)
Will    .....        (amulet unavailable) Stlth
                     (ring unavailable)
HPRegen 0.26/turn    (ring unavailable)
MPRegen 0.10/turn    (no gizmo)

%: no passive effects
@: confused, under a protective aura, invisible, revved
A: off-hand wielding, slow wielding, warmup strikes, no jewellery
a: Invent Gizmo, Renounce Religion


You were on level 3 of the Dungeon.
You worshipped Xom.
You were a toy of Xom.
You visited 1 branch of the dungeon, and saw 3 of its levels.

You collected 113 gold pieces.

Inventory:

Hand Weapons
 a - a +0 hand axe of chaos (weapon) {Isabel}
 k - a +2 short sword of protection (offhand) {Mettia}
 n - a +0 war axe of venom
Armour
 d - a +0 chain mail (worn)
 l - a +1 pair of gloves of stealth (worn)
Scrolls
 e - a scroll of amnesia


   Skills:
 * Level 3.6 Fighting
 * Level 3.5(3.7) Axes
 + Level 1.2(2.4) Polearms
 * Level 2.6 Armour
 * Level 2.2 Dodging
 + Level 0.8 Stealth
 + Level 0.7 Spellcasting


You had 5 spell levels left.
You didn't know any spells.
Your spell library was empty.

Dungeon Overview and Level Annotations

Branches:
Dungeon (3/15)

Altars:

Annotations:
D:3 Ijyb, Robin, Sigmund


Innate Abilities, Weirdness & Mutations

You can wield a second weapon in your off-hand.
It takes a long time for you to wield or remove held weapons.
Your first few attacks do less damage.
You cannot equip rings or amulets.


Message History

You hit the goblin with your +2 short sword of protection.
Your weapon exudes an aura of protection.
You kill the goblin!
You hit the adder with your +0 hand axe of chaos.
You kill the adder!
A hobgoblin comes into view.
Ijyb zaps a wand.
The goblin's mind is blasted.
The goblin shouts!
Robin throws the goblin out of sight!
The goblin unwields a +0 heavy sling.
The goblin wields a +0 club.
The goblin hits you with a +0 club.
* * * LOW HITPOINT WARNING * * *
Things that are here:
a +0 club; a +0 dagger; a goblin corpse You take 1 damage, and have 12/41 hp.
You hit the goblin with your +0 hand axe of chaos.
You kill the goblin!
You hit the goblin with your +0 hand axe of chaos.
The goblin suddenly seems more resistant.
A hobgoblin comes into view.
The goblin barely misses you.
You hear some strange, mumbled words.
The goblin appears confused.
You closely miss Ijyb with your +0 hand axe of chaos.
You hit the goblin with your +0 hand axe of chaos.
You kill the goblin!
You hit Ijyb but do no damage. Ijyb hits you but does no damage.
A magic dart appears from out of thin air!
The magic dart hits you but does no damage.
The hobgoblin shouts!
Ijyb zaps a wand.
Your mind is blasted!
* * * LOW HITPOINT WARNING * * *
You hear some strange, mumbled words.
You are confused.
Things that are here:
a +0 club; a +0 heavy sling; a goblin corpse You take 6 damage, and have 7/41 hp.
You bump into the rock wall.
Ijyb zaps a wand.
Your mind is blasted!
You die...
Ijyb screams, "Time for next experiment!"
Xom giggles madly!

*,,....,,,*,*********
*,,...,,,,,,,,,,,,,,,
*,,...,,,,,**********
*,*#gg***,**
*,,.o##**,*****
***#g.,,,,,,,.#
#g#***,**#.#####* #)#
*,**.......* #@#
*,**.......*
#{####.#*..$....**
#......#*.bbb...,,
#..######.b..bbb##
#..##(.<†....@..b.
#..........bb.b.##
##.##.######b#####
#.##.######.####.
#.#...#####.####.


You could see Ijyb (unable to see you), Robin (unable to see you), an orc
(unable to see you) and 2 hobgoblins.

Vanquished Creatures
  Natasha (thrice) (D:2)
  3 gnolls (D:2)
  2 adders
  5 dart slugs
  A bat (D:1)
  An endoplasm (D:2)
  A giant cockroach (D:2)
  5 goblins
  3 hobgoblins (D:1)
  A quokka (D:1)
  2 ball pythons (D:1)
  5 kobolds (D:2)
  8 rats
40 creatures vanquished.

Vanquished Creatures (others)
  A goblin (D:3)
1 creature vanquished.

Grand Total: 41 creatures vanquished

Notes
Turn   | Place    | Note
-------+----------+-------------------------------------------
     0 | D:1      | ezpacito the Coglin Chaos Knight began the quest for the
                  | Orb.
     0 | D:1      | Reached XP level 1. HP: 18/18 MP: 1/1
    72 | D:1      | Reached skill level 1 in Dodging
    97 | D:1      | Reached XP level 2. HP: 24/24 MP: 2/2
   656 | D:2      | Reached XP level 3. HP: 24/29 MP: 3/3
   798 | D:2      | Reached XP level 4. HP: 35/35 MP: 4/4
   898 | D:2      | XOM: divination: magic mapping
   899 | D:2      | XOM: silly message
   972 | D:2      | Found a faded altar of an unknown god.
  1254 | D:3      | Noticed Sigmund
  1254 | D:3      | Noticed Natasha
  1265 | D:2      | Killed Natasha
  1266 | D:2      | Reached skill level 1 in Polearms
  1273 | D:2      | Noticed Natasha
  1287 | D:2      | Killed Natasha
  1288 | D:2      | Reached XP level 5. HP: 22/41 MP: 5/5
  1300 | D:2      | Noticed Natasha
  1307 | D:2      | Killed Natasha
  1479 | D:3      | Noticed Ijyb
  1480 | D:3      | Noticed Robin
  1481 | D:3      | XOM: potion effect (invisibility)
  1489 | D:3      | Blown up by Ijyb

Illustrated notes

Levels and vault maps discovered:
D:1:      lemuel_arrival_behind_the_door_large, layout_loops_ring,
          minmay_misc_feat_plants, nicolae_twisty_statue_hallways
D:2:      layout_basic, basic_ecumenical_altar
D:3:      layout_loops_ring, nicolae_dithmenos_through_a_glass_darkly,
          nicolae_goblin_pals, uniq_sigmund, uniq_natasha

Skill      XL: |  1  2  3  4 |
---------------+-------------+-----
Dodging        | 1 2 |  2.2
Armour         | 2 |  2.6
Polearms       | 1 |  1.2
Fighting       | |  3.6
Axes           | |  3.5
Stealth        | |  0.8
Spellcasting   | |  0.7

Action                     |  1- 3 |  4- 6 || total
---------------------------+-------+-------++-------
  Melee: Hand axe          |    45 |    48 ||    93
         Dagger            |    44 |    18 ||    62
         Short sword       |       |    31 ||    31
    Use: Scroll            |       |     8 ||     8
         Potion            |       |     1 ||     1
   Stab: Sleeping          |       |     1 ||     1
 Armour: Leather armour    |    37 |     9 ||    46
         Chain mail        |       |    44 ||    44
  Dodge: Dodged            |    24 |    23 ||    47

Table legend: (Time is in decaauts)
 A = Elapsed time spent in this place.
 B = Non-inter-level travel time spent in this place.
 C = Inter-level travel time spent in this place.
 D = Time resting spent in this place.
 E = Time spent auto-exploring this place.
 F = Levels seen in this place.
 G = Mean time per level.
                   A        B        C        D        E       F      G
               +--------+--------+--------+--------+--------+-----+--------+
         Total |   1512 |   1469 |     43 |    130 |    972 |   3 |  504.0 |
       Dungeon |   1512 |   1469 |     43 |    130 |    972 |   3 |  504.0 |
               +--------+--------+--------+--------+--------+-----+--------+

Top non-repeatable levels by time:
     D:2: 811 daAuts
     D:1: 634 daAuts
     D:3: 65 daAuts
